 Dungeon Crawl Stone Soup version 0.29.0-4-gdea44cf6ec (webtiles) character file.

Game seed: 14235140406627355551

3686 qw the Cleaver (level 9, 0/72 HPs)
             Began as a Demonspawn Cinder Acolyte on Sept 8, 2022.
             Was a Believer of Ignis.
             Succumbed to a kobold brigand's curare-tipped dart
             ... on level 7 of the Dungeon.
             The game lasted 00:03:07 (8038 turns).

qw the Cleaver (Demonspawn Cinder Acolyte)          Turns: 8038, Time: 00:03:08

Health: 0/72       AC: 18    Str: 19      XL:     9   Next: 90%
Magic:  10/10      EV: 13    Int: 15      God:    Ignis [**....]
Gold:   410        SH:  8    Dex: 10 (11) Spells: 10/10 levels left

rFire   + . .      SeeInvis .   Y - +1 hand axe (spect)
rCold   . . .      Faith    .   k - +0 buckler
rNeg    . . .      Spirit   .   q - +0 scale mail
rPois   .          Reflect  .   (helmet restricted)
rElec   .          Harm     .   e - +0 cloak
rCorr   .          Rampage  .   (no gloves)
Will    .....                   c - +0 pair of boots
Stlth   +.........              (no amulet)
HPRegen 0.22/turn               n - +4 ring of evasion
MPRegen 0.12/turn               (no ring)

@: lethally poisoned (0 -> -2), fiery-armoured, slowed, very slow
A: antennae 1, spiny 2, demonic magic 2, weakness stinger 2, beak, iridescent
scales 1, large bone plates 1, thin skeletal structure 1, deterioration 1
a: Renounce Religion, Fiery Armour, Foxfire Swarm, Rising Flame


You were on level 7 of the Dungeon.
You worshipped Ignis.
Ignis was pleased with you.
You visited 1 branch of the dungeon, and saw 7 of its levels.
You also visited: Sewer.

You collected 410 gold pieces.


Innate Abilities, Weirdness & Mutations

You have a pair of small antennae on your head.
You are mostly covered in sharp spines.
Spells you cast may paralyse nearby enemies.
You have a tail ending in a sharp stinger.
You have a beak for a mouth.
You are partially covered in iridescent scales. (AC +2)
You are partially covered in large bone plates. (SH +4)
You have a somewhat thin skeletal structure. (Dex +2, Stealth+)
Your body sometimes deteriorates upon taking damage.


   Skills:
 - Level 7.0 Fighting
 + Level 10.1 Axes
 - Level 3.2 Throwing
 - Level 3.0 Armour
 - Level 2.0 Dodging
 - Level 3.3 Shields
 - Level 1.0 Spellcasting
 - Level 2.6 Fire Magic


You had 10 spell levels left.
You didn't know any spells.
Your spell library contained the following spells:

 Spells                   Type           Power      Damage    Failure   Level
 Scorch                   Fire           16%        2d5       43%         2

Inventory:

Hand Weapons
 i - a +3 morningstar
 Y - a +1 spectral hand axe (weapon)
Missiles
 j - 4 silver javelins (quivered)
Armour
 c - a +0 pair of boots (worn)
 e - a +0 cloak (worn)
 k - a +0 buckler (worn)
 q - a +0 scale mail (worn)
Jewellery
 n - a +4 ring of evasion (left hand)
Scrolls
 d - a scroll of identify
Potions
 a - 3 potions of mutation
 b - a potion of might
 g - a potion of attraction {unknown}
 h - a potion of haste {unknown}
 m - a potion of resistance {unknown}
 p - 2 potions of curing {unknown}

Dungeon Overview and Level Annotations

Branches:
Dungeon (7/15)             Temple (0/1) D:5           Sewer (visited)

Altars:
Ashenzari

Shops:
D:6 (

Annotations:
D:2 1 runed translucent door, Crazy Yiuf
D:3 3 runed translucent doors, qw's ghost, amateur MiFi


Message History

You feel very sick.
The kobold brigand misses your +1 spectral hand axe.
You barely miss the kobold brigand. Your peck misses the kobold brigand.
The kobold brigand is severely wounded.
You hit the centaur.
Your +1 spectral hand axe hits the centaur.
Your +1 spectral hand axe misses the kobold brigand.
You feel very sick.
The centaur unwields a +0 shortbow.
The centaur hits you but does no damage.
The centaur is burned by your cloak of flames.
The centaur is heavily wounded.
The centaur kicks you but does no damage.
The centaur is burned by your cloak of flames.
The centaur is severely wounded.
The kobold brigand closely misses your +1 spectral hand axe.
The centaur hits you but does no damage.
The centaur is burned by your cloak of flames.
The centaur is almost dead.
The centaur misses you.
The kobold brigand barely misses your +1 spectral hand axe.
You hit the centaur.
You kill the centaur!
You hit the kobold brigand.
Your +1 spectral hand axe hits the kobold brigand.
You feel very sick. You block the kobold brigand's attack.
The kobold hits your +1 spectral hand axe with a +0 dagger.
You hit the kobold brigand.
You kill the kobold brigand!
You feel sick.
You hit the kobold.
You kill the kobold!
You feel sick.
There is a lethal amount of poison in your body!
You feel sick.
There is a lethal amount of poison in your body!
You feel sick.
There is a lethal amount of poison in your body!
You die...

#. #.###### #..
#.###.#########..
...#.#..........
###..<....#####..
..........# #.. .
###......)# #.. ..K
...#.....# #..
...()#####..#.....#
#..
.......)@...#.....#
#..
.......)....#.....#
#..
.....#####........#
...........##.....#
###########...........
#.....###### #.......
#........ ###.......


There were no monsters in sight!

Vanquished Creatures
  Pikel (D:7)
  Menkaure (D:6)
  3 water moccasins
  2 black bears (D:6)
  An ogre (D:7)
  A centaur (D:7)
  2 lemures (D:7)
  5 kobold brigands
  A phantom (D:4)
  2 necrophages
  A gnoll sergeant (D:7)
  2 bullfrogs
  2 scorpions
  9 wights
  A howler monkey (D:6)
  4 hounds
  2 jellies (D:6)
  2 orc priests
  A gnoll bouda (D:7)
  7 iguanas
  Ijyb (D:4)
  4 orc wizards (D:5)
  Robin (D:3)
  13 river rats
  6 adders
  20 gnolls
  2 shadow imps
  A white imp (D:6)
  2 worms
  2 dart slugs
  16 orcs
  6 bats
  5 endoplasms
  6 giant cockroaches
  12 goblins
  5 hobgoblins
  4 jackals
  28 kobolds
  7 quokkas
  8 ball pythons
  4 frilled lizards
  43 rats
246 creatures vanquished.

Vanquished Creatures (others)
  A white imp (D:7)
1 creature vanquished.

Grand Total: 247 creatures vanquished

Notes
Turn   | Place    | Note
-------+----------+-------------------------------------------
     0 | D:1      | qw the Demonspawn Cinder Acolyte began the quest for the
                  | Orb.
     0 | D:1      | Reached XP level 1. HP: 18/18 MP: 2/2
     0 | D:1      | 0 ||| qw: Version: 0.1-a-112-g44dc6cd
     0 | D:1      | 0 ||| qw: Game counter: 6776
     0 | D:1      | 0 ||| qw: Always use a shield: true
     0 | D:1      | 0 ||| qw: God list: Okawaru
     0 | D:1      | 0 ||| qw: Allow faded altars: false
     0 | D:1      | 0 ||| qw: Do Orc after D:15 true
     0 | D:1      | 0 ||| qw: Do second Lair branch before Depths: true
     0 | D:1      | 0 ||| qw: Lair rune preference: random
     0 | D:1      | 0 ||| qw: Plans: Normal
     0 | D:1      | 0 ||| PLANNING D:1-11
    38 | D:1      | 38 ||| INVOKING Fiery Armour.
   219 | D:1      | 219 ||| INVOKING Fiery Armour.
   223 | D:1      | Reached skill level 3 in Axes
   538 | D:1      | Gained mutation: You are partially covered in sharp spines.
                  | [demonic ancestry]
   538 | D:1      | Reached XP level 2. HP: 24/24 MP: 3/3
  1224 | D:1      | 1224 ||| UPGRADING to +0 leather armour.
  1234 | D:1      | 1234 ||| DROPPING +0 robe.
  1235 | D:1      | 1235 ||| UPGRADING to +0 ring mail.
  1245 | D:1      | 1245 ||| DROPPING +0 leather armour.
  1246 | D:1      | 1246 ||| READING scroll labelled PESOLU ZARCHY.
  1247 | D:1      | 1247 ||| READING scroll labelled PENNUG MUYX.
  1248 | D:1      | 1248 ||| READING scroll labelled RUMPITW CIGOTZ.
  1249 | D:1      | 1249 ||| READING scroll labelled BUZ YXIONAST.
  1250 | D:1      | 1250 ||| READING scroll labelled GITEODW YDUAL.
  1254 | D:1      | 1254 ||| READING scroll labelled PAIL HUSHRASEEC.
  1331 | D:2      | Found a faded altar of an unknown god.
  1345 | D:2      | Discovered your monstrous ancestry.
  1345 | D:2      | Gained mutation: You have a small tail. [demonic ancestry]
  1345 | D:2      | Reached XP level 3. HP: 28/29 MP: 4/4
  1383 | D:2      | 1383 ||| INVOKING Fiery Armour.
  1386 | D:2      | Reached skill level 4 in Axes
  1386 | D:2      | 1386 ||| Stepping ~*~*~tactically~*~*~ (hiding).
  1394 | D:2      | Gained mutation: You are mostly covered in sharp spines.
                  | [demonic ancestry]
  1394 | D:2      | Reached XP level 4. HP: 12/35 MP: 5/5
  1897 | D:2      | Found a runed translucent door.
  1898 | D:2      | Noticed Crazy Yiuf
  2359 | D:2      | 2359 ||| READING scroll labelled CIGOSEM ZALLIN.
  2360 | D:2      | 2360 ||| READING 2 scrolls labelled RAEWEX PEMMYMAM.
  2361 | D:2      | 2361 ||| READING scroll labelled GEL ZOFRAJUWNU.
  2362 | D:2      | 2362 ||| READING scroll labelled BATHAS QEBA.
  2363 | D:2      | 2363 ||| DRINKING 2 murky inky potions.
  2363 | D:2      | Gained mutation: Your body sometimes deteriorates upon
                  | taking damage. [potion of mutation]
  2363 | D:2      | Gained mutation: You have a somewhat thin skeletal
                  | structure. (Dex +2, Stealth+) [potion of mutation]
  2363 | D:2      | Gained mutation: You are partially covered in iridescent
                  | scales. (AC +2) [potion of mutation]
  2363 | D:2      | Gained mutation: You have hidden genetic potential. [potion
                  | of mutation]
  2364 | D:2      | 2364 ||| DRINKING 2 viscous pink potions.
  2365 | D:2      | 2365 ||| DROPPING scroll of amnesia.
  2366 | D:2      | 2366 ||| DROPPING potion of flight.
  2389 | D:3      | Found a runed translucent gate.
  2390 | D:3      | Found a runed translucent gate.
  2669 | D:3      | 2669 ||| Stepping ~*~*~tactically~*~*~ (stealth).
  2673 | D:3      | Reached skill level 1 in Dodging
  2712 | D:3      | 2712 ||| Stepping ~*~*~tactically~*~*~ (stealth).
  2716 | D:3      | 2716 ||| Stepping ~*~*~tactically~*~*~ (stealth).
  2718 | D:3      | 2718 ||| Stepping ~*~*~tactically~*~*~ (stealth).
  2722 | D:3      | 2722 ||| Stepping ~*~*~tactically~*~*~ (stealth).
  2849 | D:3      | Noticed Robin
  2852 | D:3      | 2852 ||| INVOKING Fiery Armour.
  2857 | D:3      | Killed Robin
  2858 | D:3      | Reached skill level 5 in Axes
  2862 | D:3      | Gained mutation: You have a pair of small antennae on your
                  | head. [demonic ancestry]
  2862 | D:3      | Reached XP level 5. HP: 31/41 MP: 6/6
  3103 | D:3      | 3103 ||| Stepping ~*~*~tactically~*~*~ (stealth).
  3142 | D:3      | Found a runed translucent gate.
  3145 | D:3      | Noticed qw's ghost (amateur MiFi)
  3327 | D:3      | 3327 ||| UPGRADING to +0 cloak.
  3332 | D:3      | 3332 ||| UPGRADING to +0 buckler.
  3337 | D:3      | 3337 ||| DROPPING scarf of invisibility.
  3338 | D:3      | 3338 ||| READING scroll labelled WOATAM ODGHOWOT.
  3339 | D:3      | 3339 ||| READING 3 scrolls of identify.
  3339 | D:3      | 3339 ||| IDENTIFYING fizzy grey potion
  3340 | D:3      | 3340 ||| READING 2 scrolls of identify.
  3340 | D:3      | 3340 ||| IDENTIFYING fuming green potion
  3341 | D:3      | 3341 ||| DROPPING potion of lignification.
  3342 | D:3      | 3342 ||| DROPPING potion of berserk rage.
  3356 | D:4      | 3356 ||| PLANNING SEWER
  3420 | D:4      | Gained mutation: You have a beak for a mouth. [hidden
                  | potential]
  3519 | D:4      | Found a broken altar of Ashenzari.
  3558 | D:4      | Reached skill level 1 in Armour
  3790 | D:4      | Found a glowing drain.
  3808 | D:4      | 3808 ||| DROPPING scarf of invisibility.
  3813 | Sewer    | Entered a sewer
  4103 | Sewer    | Reached XP level 6. HP: 47/47 MP: 7/7
  4169 | Sewer    | 4169 ||| Stepping ~*~*~tactically~*~*~ (stealth).
  4201 | Sewer    | Reached skill level 6 in Axes
  4209 | Sewer    | Gained mutation: You are partially covered in large bone
                  | plates. (SH +4) [hidden potential]
  4209 | Sewer    | Lost mutation: You have hidden genetic potential. [hidden
                  | potential expressed]
  4311 | Sewer    | 4311 ||| Stepping ~*~*~tactically~*~*~ (stealth).
  4323 | Sewer    | 4323 ||| Stepping ~*~*~tactically~*~*~ (stealth).
  4325 | Sewer    | 4325 ||| Stepping ~*~*~tactically~*~*~ (stealth).
  4326 | Sewer    | 4326 ||| Stepping ~*~*~tactically~*~*~ (stealth).
  4327 | Sewer    | 4327 ||| Stepping ~*~*~tactically~*~*~ (stealth).
  4328 | Sewer    | 4328 ||| Stepping ~*~*~tactically~*~*~ (stealth).
  4355 | Sewer    | 4355 ||| Stepping ~*~*~tactically~*~*~ (stealth).
  4594 | Sewer    | 4594 ||| READING scroll labelled WIULOF JIAPPUR.
  4601 | Sewer    | 4601 ||| DRINKING 2 bubbling green potions.
  4602 | Sewer    | 4602 ||| DRINKING 2 golden potions.
  4603 | Sewer    | 4603 ||| DROPPING potion of magic.
  4624 | D:4      | 4624 ||| PLANNING D:1-11
  4643 | D:4      | 4643 ||| DROPPING +0 whip.
  4656 | D:4      | 4656 ||| Stepping ~*~*~tactically~*~*~ (stealth).
  4657 | D:4      | 4657 ||| Stepping ~*~*~tactically~*~*~ (stealth).
  4659 | D:4      | 4659 ||| Stepping ~*~*~tactically~*~*~ (stealth).
  4661 | D:4      | 4661 ||| Stepping ~*~*~tactically~*~*~ (stealth).
  4702 | D:4      | Gained mutation: You have a tail ending in a sharp stinger.
                  | [demonic ancestry]
  4702 | D:4      | Reached XP level 7. HP: 55/55 MP: 8/8
  4758 | D:4      | 4758 ||| INVOKING Fiery Armour.
  4813 | D:4      | Noticed Ijyb
  4814 | D:4      | 4814 ||| Stepping ~*~*~tactically~*~*~ (hiding).
  4819 | D:4      | Killed Ijyb
  5172 | D:4      | 5172 ||| UPGRADING to +0 scale mail.
  5182 | D:4      | 5182 ||| DROPPING +0 ring mail.
  5183 | D:4      | 5183 ||| UPGRADING to +4 ring of evasion.
  5184 | D:4      | 5184 ||| READING 2 scrolls of identify.
  5184 | D:4      | 5184 ||| IDENTIFYING fuming blue potion
  5211 | D:5      | Entered Level 5 of the Dungeon
  5249 | D:5      | Reached skill level 7 in Axes
  5416 | D:5      | Gained mutation: Spells you cast may paralyse adjacent
                  | enemies. [demonic ancestry]
  5416 | D:5      | Reached XP level 8. HP: 61/61 MP: 9/9
  5491 | D:5      | Reached skill level 8 in Axes
  5745 | D:5      | Reached skill level 1 in Throwing
  5772 | D:5      | Found a staircase to the Ecumenical Temple.
  5833 | D:5      | 5833 ||| Stepping ~*~*~tactically~*~*~ (hiding).
  5844 | D:5      | 5844 ||| Stepping ~*~*~tactically~*~*~ (hiding).
  6115 | D:5      | 6115 ||| DRINKING 2 bubbling puce potions.
  6216 | D:5      | 6216 ||| READING 2 scrolls of identify.
  6216 | D:5      | 6216 ||| IDENTIFYING smoky inky potion
  6217 | D:5      | 6217 ||| DROPPING potion of invisibility.
  6218 | D:5      | 6218 ||| DROPPING potion of ambrosia.
  6259 | D:6      | 6259 ||| INVOKING Fiery Armour.
  6277 | D:6      | 6277 ||| DROPPING +1 vorpal flail.
  6298 | D:6      | 6298 ||| Stepping ~*~*~tactically~*~*~ (stealth).
  6306 | D:6      | 6306 ||| Stepping ~*~*~tactically~*~*~ (stealth).
  6322 | D:6      | 6322 ||| Stepping ~*~*~tactically~*~*~ (hiding).
  6346 | D:6      | 6346 ||| Stepping ~*~*~tactically~*~*~ (stealth).
  6359 | D:6      | 6359 ||| Stepping ~*~*~tactically~*~*~ (stealth).
  6417 | D:6      | Noticed Menkaure
  6418 | D:6      | 6418 ||| Stepping ~*~*~tactically~*~*~ (hiding).
  6429 | D:6      | HP: 10/62 [Menkaure (19)]
  6430 | D:6      | 6430 ||| READING 3 scrolls of teleportation.
  6431 | D:6      | 6431 ||| DRINKING potion of heal wounds.
  6432 | D:6      | 6432 ||| INVOKING Fiery Armour.
  6434 | D:6      | Killed Menkaure
  6435 | D:6      | Reached skill level 9 in Axes
  6436 | D:6      | 6436 ||| READING 2 scrolls of teleportation.
  6436 | D:6      | HP: 5/62 [howler monkey (3)]
  6440 | D:6      | 6440 ||| READING scroll of teleportation.
  6442 | D:6      | Gained mutation: Spells you cast may paralyse nearby
                  | enemies. [demonic ancestry]
  6442 | D:6      | Reached XP level 9. HP: 7/68 MP: 10/10
  6442 | D:6      | HP: 5/68 [acid (2)]
  6630 | D:6      | 6630 ||| FLEEEEING.
  6631 | D:6      | 6631 ||| FLEEEEING.
  6632 | D:6      | 6632 ||| FLEEEEING.
  6641 | D:6      | 6641 ||| STAIRDANCE
  6745 | D:5      | 6745 ||| READING 2 scrolls labelled BUVIHE TALIKORPH.
  6746 | D:5      | 6746 ||| READING scroll labelled PAUL LEIROALIOJENN.
  6847 | D:5      | 6847 ||| DROPPING scroll of immolation.
  6916 | D:6      | Reached skill level 3 in Throwing
  6931 | D:6      | 6931 ||| READING scroll of enchant weapon.
  6931 | D:6      | 6931 ||| ENCHANTING +0 hand axe of draining.
  6976 | D:6      | Reached skill level 3 in Shields
  7084 | D:6      | Found Memy's Weapon Shoppe.
  7168 | D:6      | 7168 ||| UPGRADING to +0 pair of boots.
  7173 | D:6      | 7173 ||| DRINKING 3 purple potions.
  7174 | D:6      | 7174 ||| DROPPING 2 potions of brilliance.
  7189 | D:7      | 7189 ||| Stepping ~*~*~tactically~*~*~ (hiding).
  7336 | D:7      | Noticed Pikel
  7337 | D:7      | 7337 ||| Stepping ~*~*~tactically~*~*~ (stealth).
  7343 | D:7      | 7343 ||| Stepping ~*~*~tactically~*~*~ (stealth).
  7354 | D:7      | 7354 ||| INVOKING Fiery Armour.
  7359 | D:7      | 7359 ||| Stepping ~*~*~tactically~*~*~ (stealth).
  7360 | D:7      | Killed Pikel
  7362 | D:7      | 7362 ||| Stepping ~*~*~tactically~*~*~ (stealth).
  7368 | D:7      | HP: 6/72 [ogre/+0 giant club (17)]
  7745 | D:7      | 7745 ||| Stepping ~*~*~tactically~*~*~ (stealth).
  7748 | D:7      | 7748 ||| Stepping ~*~*~tactically~*~*~ (hiding).
  7750 | D:7      | 7750 ||| Stepping ~*~*~tactically~*~*~ (hiding).
  7759 | D:7      | 7759 ||| INVOKING Fiery Armour.
  7964 | D:7      | Reached skill level 10 in Axes
  7979 | D:7      | 7979 ||| READING scroll of brand weapon.
  7979 | D:7      | 7979 ||| BRANDING +1 hand axe of draining.
  8004 | D:7      | Reached skill level 3 in Armour
  8009 | D:7      | 8009 ||| DROPPING +0 morningstar.
  8024 | D:7      | Paralysed by a centaur for 3 turns
  8028 | D:7      | Paralysed by a centaur for 2 turns
  8030 | D:7      | 8030 ||| INVOKING Fiery Armour.
  8030 | D:7      | HP: 18/72 [asphyx]
  8033 | D:7      | HP: 6/72 [poisoned by a kobold brigand (curare-tipped
                  | dart)]
  8036 | D:7      | HP: 2/72 [poisoned by a kobold brigand (curare-tipped
                  | dart)]
  8038 | D:7      | Succumbed to a kobold brigand's curare-tipped dart

Levels and vault maps discovered:
D:1:      lightli_arrival_quake, layout_basic
D:2:      layout_loops_ring, hellmonk_ecumenical_altar_zigzags,
          cheibrodos_gnoll_hut, uniq_crazy_yiuf_cottage
D:3:      layout_basic, gammafunk_ghost_necromancy, uniq_robin
D:4:      layout_basic, nicolae_ashenzari_skybound, gup_sewer_entry_pipe,
          dk_rats_in_the_wall, uniq_ijyb
D:5:      layout_cave_pods, mainiacjoe_overflow_tiny_flanked,
          minmay_temple_entry_drinking_statues, hangedman_decor_clover_reticule
D:6:      layout_rooms, nicolae_overflow_hidden_temple, serial_shops, shop,
          uniq_menkaure
D:7:      layout_basic, serial_shops, nicolae_shop_window_shopping,
          minivault_27, minmay_misc_feat_five, uniq_pikel

Skill      XL: |  1  2  3  4  5  6  7  8  9 |
---------------+----------------------------+-----
Axes           | 3 4 5 6 7 9 10 | 10.1
Dodging        | 1 2 |  2.0
Shields        | 2 3 |  3.3
Armour         | 1 2 3 |  3.0
Fighting       | 4 5 7 |  7.0
Throwing       | 2 3 |  3.2
Spellcasting   | |  1.0
Fire Magic     | |  2.6

Action                   |  1- 3 |  4- 6 |  7- 9 || total
-------------------------+-------+-------+-------++-------
Melee: Hand axe          |    86 |   173 |   261 ||   520
       Tailslap          |       |    14 |    39 ||    53
       Peck              |       |    11 |    48 ||    59
Throw: Javelin           |       |       |    34 ||    34
Invok: Fiery Armour      |     3 |     1 |     6 ||    10
  Use: Scroll            |     6 |     8 |     9 ||    23
       Potion            |       |     4 |     3 ||     7
Armor: Robe              |    15 |       |       ||    15
       Ring mail         |    11 |    26 |     4 ||    41
       Scale mail        |       |       |    52 ||    52
Dodge: Dodged            |    43 |    42 |    82 ||   167
Block: Buckler           |       |    29 |    67 ||    96

Table legend:
 A = Non-vault XP
 B = Vault XP
 C = Vault XP percentage of total XP
 D = Non-vault monster count
 E = Vault monster count
 F = Vault count percentage of total count
                 A         B        C        D         E       F
            +---------+---------+-------+---------+---------+-------
      Total |    3885 |    1381 |  26.2 |     155 |      90 |  36.7
            +---------+---------+-------+---------+---------+-------
        D:1 |      36 |       0 |   0.0 |      24 |       0 |   0.0
        D:2 |      76 |      18 |  19.1 |      14 |       3 |  17.6
        D:3 |      38 |      38 |  50.0 |      12 |      12 |  50.0
        D:4 |     242 |     183 |  43.1 |      17 |      29 |  63.0
        D:5 |     897 |       0 |   0.0 |      25 |       0 |   0.0
        D:6 |    1301 |     169 |  11.5 |      31 |       1 |   3.1
        D:7 |    1295 |     651 |  33.5 |      32 |       1 |   3.0
      Sewer |       0 |     322 | 100.0 |       0 |      44 | 100.0
            +---------+---------+-------+---------+---------+-------
